 Dungeon Crawl Stone Soup version 0.17.0-23-g0de4337 (webtiles) character file.

517 CcS the Grappler (level 7, -3/55 HPs)
             Began as a Ghoul Warper on Nov 14, 2015.
             Was a Follower of Qazlal.
             Slain by an ogre
             ... wielding a +0 giant spiked club
              (26 damage)
             ... on level 4 of the Dungeon.
             The game lasted 00:04:30 (3153 turns).

CcS the Grappler (Ghoul Warper)                     Turns: 3153, Time: 00:04:30

Health: -3/55      AC: 10    Str: 15    XL:     7   Next: 20%
Magic:  8/8        EV: 10    Int:  8    God:    Qazlal [*.....]
Gold:   146        SH:  2    Dex: 10    Spells: 1 memorised, 8 levels left

rFire  . . .     SeeInvis .       - Unarmed
rCold  + . .     Clarity  .     g - +0 ring mail
rNeg   + + +     SustAt   .     (no shield)
rPois  ∞         Gourm    .     v - +0 helmet
rElec  .         Spirit   .     r - +0 cloak
rCorr  .         Warding  .     (no gloves)
rMut   .         Stasis   .     y - +2 pair of boots
MR     .....                    (no amulet)
Stlth  ..........               (no ring)
                                (no ring)

@: rotting, not resistant to hostile enchantments, extremely unstealthy
A: rotting body, claws 1, carnivore 3, cold resistance 1, negative energy
resistance 3, slow regeneration 1, torment resistance, unbreathing
a: Renounce Religion


You were on level 4 of the Dungeon.
You worshipped Qazlal.
Qazlal was aware of your devotion.
You were not hungry.

You visited 1 branch of the dungeon, and saw 4 of its levels.

You collected 146 gold pieces.

Inventory:

Missiles
 d - 5 tomahawks of dispersal {=f}
Armour
 a - a +0 leather armour
 g - a +0 ring mail (worn)
   (You found it on level 1 of the Dungeon)
 r - a +0 cloak (worn)
   (You found it on level 2 of the Dungeon)
 v - a +0 helmet (worn)
   (You took it off Robin on level 3 of the Dungeon)
 y - a +2 pair of boots (worn)
   (You found it on level 3 of the Dungeon)
Jewellery
 u - an uncursed ring of protection from magic {unknown}
   (You found it on level 2 of the Dungeon)
 D - a +2 ring of evasion {unknown}
   (You found it on level 3 of the Dungeon)
Scrolls
 c - 3 scrolls of blinking {!r}
 f - 4 scrolls of fog {unknown}
 h - a scroll of recharging {unknown}
 i - a scroll of immolation {unknown}
 j - 3 scrolls of identify {unknown}
 l - 2 scrolls of remove curse {unknown}
 m - a scroll of random uselessness {unknown}
 p - a scroll of amnesia {unknown}
 z - a scroll of teleportation {unknown}
Potions
 k - a potion of brilliance {unknown}
 o - a potion of might {unknown}
 q - a potion of heal wounds {unknown}
 s - a potion of resistance {unknown}
 w - a potion of ambrosia {unknown}
 x - a potion of lignification {unknown}
 B - 2 potions of curing {unknown}
 C - a potion of haste {unknown}
Books
 b - a book of Spatial Translocations
Comestibles
 e - 2 meat rations {@e2}
 n - a beef jerky
 t - a slice of pizza
 A - 5 chunks of flesh {@w0}


   Skills:
 - Level 2.1 Fighting
 - Level 0.8 Throwing
 - Level 0.8 Armour
 - Level 1.7 Dodging
 + Level 8.4 Unarmed Combat
 - Level 1.7 Spellcasting
 - Level 2.6 Translocations


You had 8 spell levels left.
You knew the following spells:

 Your Spells              Type           Power        Failure   Level  Hunger
a - Apportation           Tloc           #.........   24%         1    ##.....


Dungeon Overview and Level Annotations

Branches:
Dungeon (4/15)
 Temple: D:4-7

Altars:
Ashenzari
Gozag
Qazlal


Innate Abilities, Weirdness & Mutations

Your body is rotting away.
You thrive on raw meat.
You are immune to poison.
You have sharp fingernails.
You are carnivorous and can eat meat at any time.
Your flesh is cold resistant.
You are immune to negative energy.
You regenerate slowly when monsters are visible.
You are immune to unholy pain and torment.
You can survive without breathing.


Message History

The orc shouts!
You regained 7 hp, and now have 47/55 hp.
An orc is nearby!
An orc is nearby!
An orc is nearby!
An orc wizard comes into view. It is wielding a dagger.
An orc comes into view. It is wielding a club.
The orc shouts!
The orc wizard gestures wildly while chanting.
The orc wizard blinks!
The orc hits you but does no damage.
An orc comes into view. It is wielding a club.
You barely miss the orc.
The orc shouts!
The orc hits you but does no damage.
You claw the orc!
You kill the orc!
Qazlal accepts your kill.
You scratch the orc. The orc misses you.
The orc wizard mumbles some strange words.
The orc wizard blinks!
You claw the orc!
You kill the orc!
Qazlal accepts your kill.
You claw the orc!
You kill the orc!
Qazlal accepts your kill.
The orc wizard gestures wildly while chanting.
The orc wizard seems to speed up.
Items here: ))) [[ †† The orc wizard points at you and mumbles some strange words.
You resist with some effort.
You scratch the orc wizard. The orc wizard barely misses you.
You claw the orc wizard!
You kill the orc wizard!
Qazlal accepts your kill.
No target in view!
No target in view!
Things that are here:
a dagger; a robe; an orc corpse You butcher the orc corpse.
A - a chunk of flesh {@w0}
Things that are here:
a dagger; a robe
Items here: ))) [[ †† You butcher the orc corpse.
A - 3 chunks of flesh {@w0} (gained 2)
Items here: ))) [[ ÷ † You start resting.
Health restored: 55 Unknown command.
A giant cockroach comes into view.
Found a shattered altar of Ashenzari.
A giant cockroach is nearby!
A giant cockroach is nearby!
A giant cockroach is nearby!
The giant cockroach closely misses you.
The giant cockroach bites you but does no damage.
You scratch the giant cockroach.
You kill the giant cockroach!
Qazlal accepts your kill.
No target in view!
No target in view!
You see here 15 stones.
A giant gecko comes into view.
A giant gecko is nearby!
A giant gecko is nearby!
A giant gecko is nearby!
You barely miss the giant gecko. The giant gecko barely misses you.
You barely miss the giant gecko. The giant gecko closely misses you.
Your ring mail prevents you from hitting the giant gecko.
The giant gecko bites you but does no damage.
You claw the giant gecko!
You kill the giant gecko!
Qazlal accepts your kill.
No target in view!
No target in view!
You see here a giant gecko corpse.
You butcher the giant gecko corpse.
A - 5 chunks of flesh {@w0} (gained 2)
An ogre comes into view. It is wielding a giant spiked club.
The ogre shouts!
An ogre is nearby!
An ogre is nearby!
An ogre is nearby!
Unknown command.
You closely miss the ogre.
The ogre hits you with a giant spiked club!!
You take 20 damage, and have 35/55 hp.
MASSIVE DAMAGE!!
You scratch the ogre but do no damage.
Unknown command.
Unknown command.
You claw the ogre!
The ogre hits you with a giant spiked club!
You take 13 damage, and have 23/55 hp.
MASSIVE DAMAGE!!
You scratch the ogre.
The ogre hits you with a giant spiked club!!
You die...

#.# #......#
#....#####.## #.#
#......# #..### .#
#.###......# ##.## #
#..##......# #..#
##.##..#+### #.##
#..#..#.# ##.# ##.#..#.#
#..# #....#.# ##O##
####...#.#######@.######
..............).).......
####...#################
.....>%.......
#####.######## #.# #.#
#.# #.#


You could see an ogre.

Vanquished Creatures
  Eustachio (D:4)
  A phantom (D:4)
  A crimson imp (D:4)
  Jessica (D:2)
  An orc wizard (D:4)
  Natasha (twice) (D:4)
  A worker ant (D:4)
  Robin (D:3)
  4 gnolls (D:4)
  An adder (D:2)
  A worm (D:2)
  4 giant geckos
  6 orcs
  10 bats
  9 giant cockroaches
  6 goblins (D:2)
  10 hobgoblins
  2 jackals (D:2)
  6 kobolds
  9 giant newts
  2 quokkas
  7 rats
86 creatures vanquished.

Notes
Turn   | Place    | Note
--------------------------------------------------------------
     0 | D:1      | CcS the Ghoul Warper began the quest for the Orb.
     0 | D:1      | Reached XP level 1. HP: 17/17 MP: 2/2
   144 | D:1      | Reached skill level 3 in Unarmed Combat
   144 | D:1      | Reached XP level 2. HP: 24/24 MP: 3/3
   498 | D:1      | Reached XP level 3. HP: 28/28 MP: 4/4
   738 | D:2      | Reached skill level 4 in Unarmed Combat
   775 | D:2      | Noticed Jessica
   782 | D:2      | Killed Jessica
   782 | D:2      | Reached XP level 4. HP: 27/36 MP: 5/5
   821 | D:2      | Found a faded altar to an unknown god.
  1166 | D:2      | Found a stormy altar of Qazlal.
  1173 | D:2      | Became a worshipper of Qazlal Stormbringer
  1226 | D:3      | Noticed Robin
  1233 | D:2      | Reached skill level 5 in Unarmed Combat
  1360 | D:3      | Killed Robin
  1386 | D:3      | Found an opulent altar of Gozag.
  1618 | D:3      | Reached XP level 5. HP: 35/40 MP: 6/6
  1696 | D:3      | Reached * piety under Qazlal
  1988 | D:4      | Noticed a phantom
  2027 | D:4      | Killed a phantom
  2027 | D:4      | Reached skill level 6 in Unarmed Combat
  2257 | D:4      | Noticed Eustachio
  2277 | D:4      | HP: 7/41 [river rat[Eustachio] (7)]
  2278 | D:4      | Killed Eustachio
  2278 | D:4      | Reached skill level 7 in Unarmed Combat
  2278 | D:4      | Reached XP level 6. HP: 8/48 MP: 7/7
  2730 | D:4      | Reached skill level 8 in Unarmed Combat
  2730 | D:4      | Reached XP level 7. HP: 34/55 MP: 8/8
  2862 | D:4      | Noticed Natasha
  2873 | D:4      | Killed Natasha
  2996 | D:4      | Noticed Natasha
  3003 | D:4      | Killed Natasha
  3105 | D:4      | Found a shattered altar of Ashenzari.
  3129 | D:4      | Noticed an ogre
  3153 | D:4      | Slain by an ogre

Action                   |  1- 3 |  4- 6 |  7- 9 || total
-------------------------+-------+-------+-------++-------
Melee: Unarmed           |    97 |   192 |    36 ||   325
  Eat: Chunk             |     1 |    12 |     1 ||    14
       Meat ration       |     1 |       |       ||     1

Vault maps used:
D:1:      dpeg_arrival_fog, minmay_newt_pond
D:2:      nicolae_qazlal_eye_of_the_storm, ecumenical_altar_2, uniq_jessica
D:3:      nicolae_gozag_cash_rules_everything_around_me, uniq_robin
D:4:      cheibrodos_ashenzari_chains, first_bread, uniq_eustachio,
          uniq_natasha, uniq_pikel

Table legend:
 A = Turns spent in this place as a percentage of turns spent in the entire game.
 B = Non-inter-level travel turns spent in this place as a percentage of non-inter-level travel turns spent in the entire game.
 C = Inter-level travel turns spent in this place as a percentage of turns spent in this place.
 D = Turns resting spent in this place as a percentage of non-inter-level travel turns spent in this place.
 E = Turns spent auto-exploring this place as a percentage of non-inter-level travel turns spent in this place.
 F = Non-inter-level travel turns spent in this place divided by the number of levels of this place that you've seen.
                   A       B       C       D       E      F
               +-------+-------+-------+-------+-------+----------------------
         Total | 100.0 | 100.0 |   0.3 |   1.6 |  10.3 | 266.5
       Dungeon | 100.0 | 100.0 |   0.3 |   1.6 |  10.3 | 266.5
               +-------+-------+-------+-------+-------+----------------------

Table legend:
 A = Kills in this place as a percentage of kills in entire the game.
 B = Kills by you in this place as a percentage of kills by you in the entire game.
 C = Kills by friends in this place as a percentage of kills by friends in the entire game.
 D = Other kills in this place as a percentage of other kills in the entire game.
 E = Experience gained in this place as a percentage of experience gained in the entire game.
 F = Experience gained in this place divided by the number of levels of this place that you have seen.
                   A       B       C       D       E      F
               +-------+-------+-------+-------+-------+----------------------
         Total | 100.0 | 100.0 |  -nan |  -nan | 100.0 | 184.8
       Dungeon | 100.0 | 100.0 |  -nan |  -nan | 100.0 | 184.8
               +-------+-------+-------+-------+-------+----------------------
